 Dungeon Crawl Stone Soup version 0.23.0-38-g208d714 (webtiles) character file.

Game seed: 16240366844137813772

46 MalarOregon the Insei (level 3, 0/27 HPs)
             Began as a Merfolk Transmuter on Feb 27, 2019.
             Slain by a worker ant (3 damage)
             ... on level 2 of the Dungeon.
             The game lasted 00:02:21 (1724 turns).

MalarOregon the Insei (Merfolk Transmuter)          Turns: 1724, Time: 00:02:22

Health: 0/27       AC:  2    Str: 11    XL:     3   Next: 66%
Magic:  6/6        EV: 13    Int: 12    God:
Gold:   38         SH:  0    Dex: 14    Spells: 0/6 levels left

rFire    . . .     SeeInvis .     - Unarmed
rCold    . . .     Gourm    .   (no shield)
rNeg     . . .     Faith    .   b - +0 robe
rPois    .         Spirit   .   (no helmet)
rElec    .         Reflect  .   (no cloak)
rCorr    .         Harm     .   (no gloves)
MR       .....                  (no boots)
Stlth    +.........             (no amulet)
HPRegen  0.09/turn              (no ring)
MPRegen  0.10/turn              (no ring)

@: lethally poisoned (0 -> -8), appendage (expiring)
A: change form in water, swift swim, stealthy swim, horns 2
a: End Transformation


You were on level 2 of the Dungeon.
You were near starving.
You had grown temporary horns.
You visited 1 branch of the dungeon, and saw 2 of its levels.

You collected 38 gold pieces.

Inventory:

Missiles
 a - 31 arrows
Armour
 b - a +0 robe (worn)
Jewellery
 d - a cursed ring of poison resistance {unknown}
   (You found it on level 1 of the Dungeon)
 i - an uncursed ring of flight {unknown}
   (You found it on level 1 of the Dungeon)
Scrolls
 c - a scroll of remove curse {unknown}
 f - a scroll of blinking {unknown}
 h - 3 scrolls of identify {unknown}
 m - a scroll of fear {unknown}
 n - a scroll of amnesia {unknown}
 p - a scroll of enchant weapon {unknown}
Potions
 g - a potion of magic {unknown}
 o - a potion of curing {unknown}
Comestibles
 e - 2 rations {!d}


   Skills:
 + Level 1.9 Fighting
 + Level 3.3 Dodging
 + Level 3.7 Unarmed Combat
 + Level 2.3 Spellcasting
 + Level 3.3 Transmutations
 + Level 0.0 Poison Magic


You couldn't memorise any spells.
You knew the following spells:

 Your Spells              Type           Power        Failure   Level  Hunger
a - Beastly Appendage     Tmut           #.....       7%          1    ##.....
s - Sticks to Snakes      Tmut           #.......     11%         2    ###....
x - Spider Form           Tmut/Pois      #.........   36%         3    ####...

Your spell library contained the following spells:

 Spells                   Type           Power        Failure   Level  Hunger
 Ice Form                 Ice/Tmut       #.......     78%         4    #####..
 Blade Hands              Tmut           #.........   88%         5    ######.


Dungeon Overview and Level Annotations

Branches:
Dungeon (2/15)

Altars:


Innate Abilities, Weirdness & Mutations

You revert to your normal form in water You are very nimble and swift while swimming.
You are very stealthy in the water. (Stealth+)
You have a pair of horns on your head.


Message History

You grow a pair of large bovine horns.
Found a stone staircase leading up.
You see here 20 sling bullets.
You barely miss the worker ant. Your headbutt misses the worker ant.
The worker ant barely misses you.
You hit the worker ant but do no damage.
The worker ant waves its antennae.
The worker ant bites you but does no damage.
The worker ant bites you.
You hit the worker ant. The worker ant bites you.
You are poisoned.
The worker ant poisons you!
You hit the worker ant but do no damage.
You headbutt the worker ant.
You feel sick. The worker ant misses you.
You barely miss the worker ant. Your headbutt misses the worker ant.
You feel sick.
The worker ant bites you but does no damage.
You hit the worker ant but do no damage.
The worker ant bites you.
You are more poisoned.
The worker ant poisons you!
You hit the worker ant. Your headbutt misses the worker ant.
You feel sick.
The worker ant bites you but does no damage.
You barely miss the worker ant. You headbutt the worker ant.
Your transformation is almost over.
You feel sick. The worker ant completely misses you.
You hit the worker ant but do no damage.
You headbutt the worker ant, but do no damage.
You feel sick. The worker ant barely misses you.
You hit the worker ant. Your headbutt misses the worker ant.
You feel sick. The worker ant bites you.
* * * LOW HITPOINT WARNING * * *
You hit the worker ant.
* * * LOW HITPOINT WARNING * * *
You feel sick. The worker ant bites you.
* * * LOW HITPOINT WARNING * * *
The worker ant closely misses you.
You closely miss the worker ant.
* * * LOW HITPOINT WARNING * * *
You feel sick.
The worker ant waves its antennae.
The worker ant misses you.
You closely miss the worker ant. The worker ant completely misses you.
Unknown command.
You hit the worker ant.
* * * LOW HITPOINT WARNING * * *
You feel sick. The worker ant closely misses you.
You hit the worker ant but do no damage.
The worker ant bites you.
You die...

<. .# ########
#.#######.#
#.......
#.#.......#
#.######
#.#.#.....# #....#
#.###.........#
####.###
..............#
#....
#...a.....?.#
#####
#.###@##....##.. #
#...........##.# #
..#####.########.#
#
.>.............#.#
#
########.#####.#.#
# #.#...#.#.# #
#.#.#.#.#.# #
#.#.#.#.#.# #
#.#.#.#.#.#####.#


You could see a worker ant.

Vanquished Creatures
  An adder (D:2)
  2 oozes (D:1)
  2 leopard geckos
  2 ball pythons (D:1)
  7 bats
  2 hobgoblins (D:1)
  4 jackals (D:1)
  3 kobolds
  2 frilled lizards (D:1)
  A rat (D:1)
26 creatures vanquished.

Notes
Turn   | Place    | Note
-------+----------+-------------------------------------------
     0 | D:1      | MalarOregon the Merfolk Transmuter began the quest for the
                  | Orb.
     0 | D:1      | Reached XP level 1. HP: 15/15 MP: 3/3
   349 | D:1      | Reached XP level 2. HP: 21/21 MP: 5/5
   834 | D:1      | Reached XP level 3. HP: 20/26 MP: 6/6
  1404 | D:2      | HP: 1/27 [poisoned by an adder]
  1639 | D:2      | Learned a level 2 spell: Sticks to Snakes
  1643 | D:2      | Learned a level 3 spell: Spider Form
  1724 | D:2      | Slain by a worker ant

Skill      XL: |  1  2 |
---------------+-------+-----
Dodging        | 3 |  3.3
Transmutations | 3 |  3.3
Fighting       | |  1.9
Unarmed Combat | |  3.7
Spellcasting   | |  2.3

Action                   || total
-------------------------++-------
Melee: Unarmed           ||   122
       Headbutt          ||    13
       Punch             ||     1
 Cast: Beastly Appendage ||    16
  Use: Potion            ||     3
 Stab: Sleeping          ||     2
  Eat: Chunk             ||     1
Armor: Robe              ||    21
Dodge: Dodged            ||    83
